 Dungeon Crawl Stone Soup version 0.26.1-10-gdfb7c7de75 (webtiles) character file.

Game seed: 18141027361102718699

150612 sankara the Tortoise (level 16, -6/141 HPs)
             Began as a Minotaur Fighter on Apr 5, 2021.
             Was the Champion of Okawaru.
             Mangled by a merfolk
             ... wielding a cursed -1 trident
              (8 damage)
             ... on level 4 of the Shoals on Apr 6, 2021.
             The game lasted 02:04:06 (33918 turns).

sankara the Tortoise (Minotaur Fighter)            Turns: 33918, Time: 02:04:06

Health: -6/141     AC: 27    Str: 24    XL:     16   Next: 99%
Magic:  20/20      EV: 15    Int:  5    God:    Okawaru [******]
Gold:   152        SH:  0    Dex: 13    Spells: 15/15 levels left

rFire    + + .     SeeInvis +   a - +5 executioner's axe (elec)
rCold    + + +     Faith    .   (shield currently unavailable)
rNeg     + . .     Spirit   .   O - +0 plate armour
rPois    .         Reflect  .   (helmet unavailable)
rElec    +         Harm     .   e - +2 cloak {rCorr}
rCorr    +         Rampage  +   j - +1 pair of gloves "Fadukhle" {Rampage rElec rC++ Will-}
Will     +....                  m - +0 pair of boots {Fly}
Stlth    ..........             X - amulet of regeneration
HPRegen  0.73/turn              I - ring "Memot" {rF++ Will+ Int-3 SInv}
MPRegen  0.17/turn              H - ring of positive energy

@: flying, mesmerised, studying 2 skills
A: retaliatory headbutt, fangs 1, horns 3, cold resistance 1, sense surroundings
1, strong 1, wild magic 1, evolution 1
a: Stop Flying, Renounce Religion, Heroism, Finesse


You were on level 4 of the Shoals.
You worshipped Okawaru.
Okawaru was exalted by your worship.
You visited 5 branches of the dungeon, and saw 28 of its levels.
You visited 1 bazaar.
You also visited: Ossuary, Bailey, Gauntlet and Ice Cave.

You collected 3297 gold pieces.
You spent 3145 gold pieces at shops.

Inventory:

Hand Weapons
 a - a +5 executioner's axe of electrocution (weapon)
Missiles
 c - 7 atropa-tipped darts
 g - 731 stones
 o - 66 poisoned darts
 v - 27 curare-tipped darts
 z - 7 boomerangs of dispersal
 G - 94 boomerangs (quivered)
 L - 5 silver boomerangs
 M - 30 silver javelins
 W - 52 javelins
 Y - 12 throwing nets
Armour
 e - a +2 cloak of preservation (worn)
 j - the +1 pair of gloves "Fadukhle" (worn) {Rampage rElec rC++ Will-}
   (You found it in an ice cave)

   It greatly protects you from cold.
   It insulates you from electricity.
   It affects your willpower, your defense against some magical effects.
   It bestows one free step when moving towards enemies.
 m - a +0 pair of boots of flying (worn)
 D - a +2 pair of boots of rampaging
 O - a +0 plate armour (worn)
Jewellery
 p - an uncursed ring of poison resistance
 H - a ring of positive energy (right hand)
 I - the ring "Memot" (left hand) {rF++ Will+ Int-3 SInv}
   (You found it in a Gauntlet)

   [ring of willpower]

   It affects your intelligence (-3).
   It greatly protects you from fire.
   It affects your willpower, your defense against some magical effects.
   It lets you see invisible.
 N - the ring of Doqeit {rC+ EV+4}
   (You took it off a minotaur in a Gauntlet)

   [ring of evasion]

   It affects your evasion (+4).
   It protects you from cold.
 X - an amulet of regeneration (around neck)
Wands
 l - a wand of iceblast (24)
 x - a wand of digging (11)
 y - a wand of acid (8)
 B - a wand of enslavement (13)
 R - a wand of flame (65)
 S - a wand of paralysis (56)
 U - a wand of disintegration (26)
Scrolls
 b - 3 scrolls of identify
 h - 14 scrolls of teleportation
 i - 14 scrolls of remove curse
 k - 7 scrolls of fear
 r - a scroll of holy word
 t - 3 scrolls of fog
 u - a scroll of magic mapping
 A - a scroll of summoning
 J - 2 scrolls of silence
 K - 7 scrolls of blinking
Potions
 d - a potion of heal wounds
 f - 18 potions of curing
 n - 9 potions of haste
 s - 4 potions of resistance
 E - 2 potions of berserk rage
 P - 3 potions of cancellation
 Q - a potion of attraction
 V - a potion of invisibility
Books
 C - a manual of Throwing
 F - a manual of Dodging
Miscellaneous
 q - a phantom mirror
 w - a box of beasts
 T - a phial of floods
 Z - a phantom mirror


   Skills:
 - Level 12.5 Fighting
 * Level 18.7 Axes
 + Level 14.1 Throwing
 - Level 19.0 Armour
 + Level 13.7 Dodging
 - Level 5.0 Shields
 - Level 7.0 Invocations


You had 15 spell levels left.
You didn't know any spells.
Your spell library contained the following spells:

 Spells                   Type           Power        Failure   Level
 Animate Skeleton         Necr           0%           98%         1
 Apportation              Tloc           0%           98%         1
 Corona                   Hex            0%           98%         1
 Magic Dart               Conj           0%           98%         1
 Pain                     Necr           0%           98%         1
 Sandblast                Erth           0%           98%         1
 Summon Small Mammal      Summ           0%           98%         1
 Blink                    Tloc           N/A          99%         2
 Call Imp                 Summ           0%           99%         2
 Corpse Rot               Necr/Air       N/A          99%         2
 Passwall                 Tmut/Erth      0%           99%         2
 Searing Ray              Conj           0%           99%         2
 Slow                     Hex            0%           99%         2
 Confusing Touch          Hex            0%           100%        3
 Conjure Flame            Conj/Fire      0%           100%        3
 Dazzling Flash           Conj/Hex       0%           100%        3
 Gell's Gravitas          Tloc           0%           100%        3
 Ignite Poison            Fire/Tmut/Pois 0%           100%        3
 Inner Flame              Hex/Fire       0%           100%        3
 Mephitic Cloud           Conj/Pois/Air  0%           100%        3
 Stone Arrow              Conj/Erth      0%           100%        3
 Animate Dead             Necr           0%           100%        4
 Fulminant Prism          Conj/Hex       0%           100%        4
 Ice Form                 Ice/Tmut       0%           100%        4
 Iskenderun's Mystic Bla  Conj/Tloc      0%           100%        4
 Petrify                  Tmut/Erth      0%           100%        4
 Borgnjor's Vile Clutch   Necr/Erth      0%           100%        5
 Fireball                 Conj/Fire      0%           100%        5
 Lee's Rapid Deconstruct  Erth           0%           100%        5
 Metabolic Englaciation   Hex/Ice        0%           100%        5
 Summon Forest            Summ/Tloc      0%           100%        5
 Yara's Violent Unravell  Hex/Tmut       0%           100%        5
 Death Channel            Necr           0%           100%        6
 Freezing Cloud           Conj/Ice/Air   0%           100%        6
 Ozocubu's Refrigeration  Ice            0%           100%        6
 Simulacrum               Ice/Necr       0%           100%        6
 Starburst                Conj/Fire      0%           100%        6
 Statue Form              Tmut/Erth      0%           100%        6
 Malign Gateway           Summ/Tloc      0%           100%        7
 Ignition                 Fire           0%           100%        8


Dungeon Overview and Level Annotations

Branches:
Dungeon (15/15)            Temple (0/1) D:7            Lair (6/6) D:10
 Shoals (4/4) Lair:3        Snake (1/4) Lair:4        Slime (0/5) Lair:6
    Orc (2/2) D:12            Elf (0/3) Orc:2        Vaults (0/5) D:13
 Depths (0/5) D:15        Ossuary (visited)          Bailey (visited)
  IceCv (visited)         Gauntlet (visited)

Altars:
Fedhas
Makhleb
Okawaru
Trog
Uskayaw
Xom
The Shining One
Beogh

Shops:
D:4 ?   D:6 [   D:11 *   D:14 !   Orc:2 :}(::

Annotations:
D:15 2 transporters, Jaiteiro's ghost, journeyman FoFi


Innate Abilities, Weirdness & Mutations

You reflexively headbutt those who attack you in melee.
You have a pair of large horns on your head.
You have very sharp teeth.
Your flesh is cold resistant. (rC+)
You passively map a small area around you.
Your muscles are strong. (Str +2)
Your spells are a little harder to cast, but a little more powerful.
You evolve.


Message History

The alligator snapping turtle closely misses you.
The merfolk hits you but does no damage.
The merfolk misses you.
The merfolk aquamancer hits you with a +0 rapier!
* * * LOW HITPOINT WARNING * * *
You slice the water elemental!!
You destroy the water elemental!
Okawaru accepts your kill.
You gasp with relief as air once again reaches your lungs.
You slash the merfolk aquamancer!
The dream sheep ruffles its wool and motes of dream dust sparkle, to no effect.
The harpy claws you!
* * * LOW HITPOINT WARNING * * *
The harpy completely misses you.
A water nymph comes into view.
The merfolk siren chants a haunting song.
You are mesmerised by the merfolk siren!
The alligator snapping turtle completely misses you.
The merfolk hits you from afar with a cursed -1 trident!
You die...

≈≈≈≈≈≈≈≈≈# ≈
#≈≈≈≈ *
*#≈≈≈≈≈#
≈*#≈≈≈ #m≈≈≈#
* ≈ ≈≈≈ ≈
#≈≈≈# ≈ ≈ ≈
,≈#≈≈≈# * ≈ ≈
#≈≈≈# ≈ ≈#≈≈≈#
, , #H≈≈##≈ *
#@≈≈≈# * ≈ ≈ ,
*#≈m≈≈.# ≈ ≈ *
≈ mtm≈..... *
* Sm≈≈≈≈....
.≈ ≈≈
,≈≈≈≈≈≈≈≈...
≈≈≈ ≈
,.≈≈≈≈≈≈≈≈≈..
≈ ≈≈ ≈ ≈ ≈
t≈≈≈≈Y≈≈≈≈≈≈≈
≈≈
≈≈≈≈≈≈≈≈≈≈≈≈≈≈
≈≈ ≈≈ ≈≈


You could see an alligator snapping turtle, a sea snake, a merfolk aquamancer, a
snapping turtle, 2 merfolk, a merfolk siren (mesmerising), a water nymph, a
harpy and a dream sheep.

Vanquished Creatures
  Rupert (Lair:5)
  An Ice Fiend (IceCv)
  A kraken (Shoals:2)
  Aizul (Snake:1)
  An orc warlord (Orc:2)
  A balrug (Gauntlet)
  A minotaur (Gauntlet)
  A dire elephant (Lair:6)
  An ettin (Orc:2)
  The ghost of Killmatronix the Blocker, a journeyman FoHu of Trog (Lair:1)
  A merfolk javelineer (Shoals:4)
  A fire dragon (Shoals:2)
  An ice dragon (Shoals:2)
  3 merfolk impalers
  Harold (D:8)
  A yaktaur captain (D:15)
  A vault guard (D:13)
  2 naga warriors (Snake:1)
  4 centaur warriors
  An anaconda (Snake:1)
  9 hydras
  2 merfolk avatars
  3 boulder beetles
  2 catoblepae
  4 two-headed ogres
  2 merfolk aquamancers
  A satyr (Shoals:3)
  A deep troll shaman (Lair:6)
  An ogre mage (D:15)
  6 death yaks (Lair:6)
  2 tengu warriors (D:15)
  A naga sharpshooter (Snake:1)
  9 orc high priests
  A shock serpent (Snake:1)
  A fire crab (Gauntlet)
  Sonja (D:12)
  A deep elf knight (D:15)
  3 skeletal warriors (D:13)
  2 unseen horrors
  A deep elf archer (D:15)
  A lindwurm (Lair:4)
  A wizard (D:13)
  5 sea snakes
  7 ugly things
  10 harpies
  A necromancer (D:13)
  A wolf spider zombie (D:15)
  2 orc knights (D:15)
  2 salamanders (Snake:1)
  A mana viper (Snake:1)
  3 fauns (Shoals:1)
  2 orc sorcerers
  4 deep elf magi
  5 manticores
  6 cyclopes
  7 black mambas
  A naga mage (Snake:1)
  An eye of devastation (Lair:6)
  7 merfolk sirens
  14 elephants (Lair:6)
  A gargoyle (D:13)
  A guardian serpent (Snake:1)
  3 water nymphs
  8 cane toads
  Maggie (D:10)
  Joseph (D:7)
  5 rime drakes
  2 centaur skeletons
  5 komodo dragons
  A yaktaur (D:13)
  4 freezing wraiths
  3 kobold demonologists
  2 anaconda simulacra (IceCv)
  An efreet (Gauntlet)
  6 ice devils (IceCv)
  2 trolls
  A queen bee (Lair:1)
  5 wind drakes
  13 merfolk
  4 polar bears
  Grinder (D:6)
  11 slime creatures
  5 snapping turtles
  19 blink frogs
  17 dream sheep
  2 spriggans (Lair:5)
  5 water elementals
  5 shadows
  A spriggan (shapeshifter) (D:13)
  3 dire elephant simulacra (IceCv)
  3 wyverns
  A vampire (D:12)
  A wraith (D:11)
  44 yaks
  2 fire elementals (Gauntlet)
  4 basilisks
  A yak (shapeshifter) (D:13)
  2 fire bats (Gauntlet)
  A steam dragon (D:11)
  20 humans (D:13)
  6 vampire mosquitoes
  Menkaure (D:6)
  2 harpy simulacra (IceCv)
  9 wargs
  2 iron troll simulacra (IceCv)
  19 water moccasins
  3 hell hounds (Gauntlet)
  2 nagas (Snake:1)
  2 soldier ants
  4 hydra simulacra (IceCv)
  2 acid dragons
  2 sky beasts
  40 orc warriors
  2 ettin simulacra (IceCv)
  3 ice beasts
  4 black bears
  4 phantoms
  2 eyes of draining
  6 ogres
  15 centaurs
  18 wolves
  5 big kobolds
  12 bullfrogs
  A wyvern zombie (D:7)
  2 elf zombies (Ossuary)
  A wyvern skeleton (D:10)
  A scorpion (D:8)
  33 killer bees
  2 elephant simulacra (IceCv)
  4 vampire bats (Lair:5)
  A troll zombie (D:12)
  9 wights
  9 howler monkeys
  10 electric eels
  4 centaur zombies
  4 draconian simulacra (IceCv)
  2 human zombies (Ossuary)
  5 jellies
  43 orc priests
  2 gnoll shamans
  7 hounds
  22 orc wizards
  Jessica (D:2)
  5 iguanas
  2 polar bear simulacra (IceCv)
  14 worker ants
  3 troll simulacra (IceCv)
  A spriggan simulacrum (IceCv)
  A big kobold zombie (Ossuary)
  5 ogre zombies (D:12)
  A centaur simulacrum (IceCv)
  6 hound zombies
  2 hound skeletons
  4 mummies
  A howler monkey zombie (D:11)
  20 gnolls
  9 adders
  A naga simulacrum (IceCv)
  A shadow imp (D:4)
  9 white imps
  3 ufetubi
  2 adder skeletons
  4 adder zombies (Ossuary)
  A worm (D:4)
  4 dart slugs
  3 leopard geckos
  113 orcs
  3 ball pythons
  5 giant cockroaches
  20 goblins
  9 hobgoblins
  5 jackals (D:4)
  2 quokkas
  10 bats
  3 frilled lizards (D:2)
  2 goblin skeletons (D:12)
  9 goblin zombies
  2 hobgoblin skeletons (D:12)
  5 hobgoblin zombies
  2 jackal zombies (Ossuary)
  13 kobolds
  A kobold zombie (Ossuary)
  A leopard gecko skeleton (D:4)
  2 orc skeletons (D:12)
  12 orc zombies
  A quokka skeleton (D:4)
  A quokka zombie (Ossuary)
  5 rats
  5 rat zombies (Ossuary)
  2 bushes (Shoals:2)
  4 tentacles (Shoals:2)
1044 creatures vanquished.

Vanquished Creatures (others)
  A white imp (IceCv)
  An ufetubus (IceCv)
  An orc (Orc:1)
  15 fungi
  45 plants
  11 tentacles (Shoals:2)
  2 withered plants (Gauntlet)
76 creatures vanquished.

Grand Total: 1120 creatures vanquished

Notes
Turn   | Place    | Note
-------+----------+-------------------------------------------
     0 | D:1      | sankara the Minotaur Fighter began the quest for the Orb.
     0 | D:1      | Reached XP level 1. HP: 19/19 MP: 0/0
   324 | D:1      | Reached XP level 2. HP: 21/27 MP: 1/1
   802 | D:2      | Reached skill level 4 in Armour
   816 | D:2      | Noticed Jessica
   824 | D:2      | Killed Jessica
   825 | D:2      | Reached XP level 3. HP: 24/33 MP: 2/2
  1088 | D:2      | Reached XP level 4. HP: 40/40 MP: 3/3
  1704 | D:3      | HP: 1/41 [orc priest/divine providence (5)]
  1707 | D:3      | Reached XP level 5. HP: 1/47 MP: 0/4
  2914 | D:4      | Reached skill level 5 in Axes
  2926 | D:4      | Reached XP level 6. HP: 46/55 MP: 5/5
  3001 | D:4      | Reached skill level 5 in Fighting
  3001 | D:4      | Reached skill level 5 in Armour
  3001 | D:4      | Reached skill level 5 in Shields
  3282 | D:4      | Found Wuteunn's Magic Scroll Emporium.
  3288 | D:4      | Bought 2 scrolls of magic mapping for 84 gold pieces
  3288 | D:4      | Bought a scroll of teleportation for 36 gold pieces
  3391 | D:4      | Found a blossoming altar of Fedhas.
  3729 | D:5      | Entered Level 5 of the Dungeon
  3744 | D:5      | Reached XP level 7. HP: 12/61 MP: 1/6
  4044 | D:5      | Noticed a wyvern
  4047 | D:5      | Gained mutation: You evolve. [potion of mutation]
  4047 | D:5      | Gained mutation: You have a pair of large horns on your
                  | head. [potion of mutation]
  4052 | D:5      | Killed a wyvern
  4053 | D:5      | Reached skill level 6 in Armour
  4559 | D:5      | Gained mutation: You have very sharp teeth. [evolution]
  4640 | D:6      | Noticed Menkaure
  4798 | D:6      | Killed Menkaure
  4959 | D:6      | Reached XP level 8. HP: 68/68 MP: 7/7
  5111 | D:6      | Reached skill level 7 in Armour
  5857 | D:6      | Noticed Grinder
  5882 | D:6      | Killed Grinder
  5883 | D:6      | Reached skill level 10 in Axes
  6301 | D:6      | Gained mutation: Your muscles are strong. (Str +2)
                  | [evolution]
  6330 | D:6      | Reached skill level 8 in Armour
  6382 | D:6      | Found Lavorch's Antique Armour Shoppe.
  6391 | D:6      | Bought a glowing cloak for 210 gold pieces
  7062 | D:7      | Reached XP level 9. HP: 56/74 MP: 8/8
  7095 | D:7      | Found a staircase to the Ecumenical Temple.
  7113 | D:7      | Found an iron altar of Okawaru.
  7405 | D:7      | Became a worshipper of Warmaster Okawaru
  7558 | D:7      | Found a sand-covered staircase.
  7568 | Ossuary  | Entered an ossuary
  7771 | Ossuary  | Reached skill level 9 in Armour
  8239 | D:7      | Reached * piety under Okawaru
  8479 | D:7      | Gained mutation: You tend to lose your temper in combat.
                  | [evolution]
  8941 | D:8      | Noticed Joseph
  9055 | D:7      | Killed Joseph
  9119 | D:8      | Reached skill level 10 in Armour
  9448 | D:6      | Bought a heavily runed cloak for 266 gold pieces
  9458 | D:6      | Identified the +0 cloak of Feim {MP+9} (You bought it in a
                  | shop on level 6 of the Dungeon)
  9589 | D:8      | Reached XP level 10. HP: 81/81 MP: 9/9
  9640 | D:8      | Noticed Harold
  9663 | D:8      | Killed Harold
  9663 | D:8      | Reached ** piety under Okawaru
 10701 | D:9      | Found a burning altar of Makhleb.
 10701 | D:9      | Found a faded altar of an unknown god.
 10709 | D:9      | Found a shimmering altar of Xom.
 10711 | D:9      | Found a glowing golden altar of the Shining One.
 10713 | D:9      | Found a faded altar of an unknown god.
 10744 | D:9      | Found a bloodstained altar of Trog.
 11192 | D:9      | Reached skill level 11 in Armour
 11330 | D:10     | Entered Level 10 of the Dungeon
 11401 | D:10     | Noticed a cyclops
 11599 | D:9      | Gained mutation: You are dopey. (Int -2) [evolution]
 11645 | D:10     | Reached skill level 1 in Invocations
 11672 | D:10     | Reached *** piety under Okawaru
 11788 | D:10     | Found a staircase to the Lair.
 11825 | D:10     | Noticed a purple ugly thing
 11841 | D:10     | Killed a purple ugly thing
 12433 | D:10     | Noticed Maggie
 12447 | D:10     | Killed Maggie
 12448 | D:10     | Reached skill level 15 in Axes
 12511 | D:10     | Killed a cyclops
 12512 | D:10     | Reached XP level 11. HP: 74/86 MP: 9/12
 12761 | D:11     | Noticed a purple ugly thing
 12773 | D:11     | Killed a purple ugly thing
 12945 | Lair:1   | Entered Level 1 of the Lair of Beasts
 12955 | Lair:1   | Reached **** piety under Okawaru
 13046 | Lair:1   | Reached skill level 12 in Armour
 13088 | Lair:1   | Noticed a seven-headed hydra
 13103 | Lair:1   | Killed a ten-headed hydra
 13242 | Lair:1   | Reached ***** piety under Okawaru
 13243 | Lair:1   | Reached skill level 5 in Invocations
 13278 | Lair:1   | Got a dazzling war axe
 13279 | Lair:1   | Identified the +6 war axe "Oqisia" {venom, Str+3} (You
                  | found it on level 1 of the Lair of Beasts)
 13583 | Lair:1   | Received a gift from Okawaru
 13680 | Lair:1   | Reached skill level 13 in Armour
 13721 | Lair:1   | Reached skill level 1 in Throwing
 13749 | Lair:1   | Reached XP level 12. HP: 94/94 MP: 15/15
 13754 | Lair:1   | Received a gift from Okawaru
 13761 | Lair:1   | Lost mutation: You tend to lose your temper in combat.
                  | [evolution]
 13924 | Lair:1   | Found a large runed translucent door.
 13925 | Lair:1   | Found a large runed translucent door.
 13928 | Lair:1   | Noticed Killmatronix's ghost (journeyman FoHu)
 14061 | Lair:1   | Killed Killmatronix's ghost
 14434 | Lair:2   | Noticed a six-headed hydra
 14452 | Lair:2   | Killed a 17-headed hydra
 14825 | Lair:2   | Reached skill level 14 in Armour
 14868 | Lair:2   | Reached skill level 5 in Throwing
 15675 | Lair:3   | Found a staircase to the Shoals.
 15695 | Lair:3   | Reached ****** piety under Okawaru
 15696 | Lair:3   | Reached skill level 15 in Armour
 15698 | Lair:3   | Received a gift from Okawaru
 15945 | Lair:4   | Found a gate leading to a gauntlet.
 15971 | Gauntlet | Entered a Gauntlet
 15971 | Gauntlet | Found a transporter.
 15971 | Gauntlet | Found a transporter.
 15976 | Gauntlet | Found a transporter.
 15992 | Gauntlet | Found a transporter.
 15994 | Gauntlet | Found a large runed translucent door.
 15994 | Gauntlet | Found a large runed translucent door.
 15995 | Gauntlet | Found a large runed translucent door.
 15995 | Gauntlet | Found a large runed translucent door.
 15996 | Gauntlet | Found a large runed translucent door.
 15996 | Gauntlet | Found a large runed translucent door.
 15996 | Gauntlet | Found a runed translucent door.
 15996 | Gauntlet | Found a runed translucent door.
 15996 | Gauntlet | Found a large runed translucent door.
 15997 | Gauntlet | Found a large runed translucent door.
 15997 | Gauntlet | Found a large runed translucent door.
 15997 | Gauntlet | Found a large runed translucent door.
 16002 | Gauntlet | Found a large runed translucent door.
 16002 | Gauntlet | Found a large runed translucent door.
 16004 | Gauntlet | Found a large runed translucent door.
 16004 | Gauntlet | Found a large runed translucent door.
 16004 | Gauntlet | Found a large runed translucent door.
 16006 | Gauntlet | Found a runed translucent gate.
 16006 | Gauntlet | Found a runed translucent gate.
 16006 | Gauntlet | Found a runed translucent gate.
 16007 | Gauntlet | Noticed a death yak
 16007 | Gauntlet | Noticed a death yak
 16008 | Gauntlet | Found a transporter.
 16008 | Gauntlet | Noticed a death yak
 16008 | Gauntlet | Noticed a death yak
 16009 | Gauntlet | Noticed a death yak
 16010 | Gauntlet | Noticed a death yak
 16019 | Gauntlet | Found a large runed translucent door.
 16021 | Gauntlet | Found a transporter.
 16038 | Gauntlet | Found a transporter.
 16106 | Gauntlet | Found a transporter.
 16121 | Gauntlet | Found a transporter.
 16124 | Gauntlet | Noticed a balrug
 16137 | Gauntlet | Found a transporter.
 16148 | Gauntlet | Found a transporter.
 16152 | Gauntlet | Noticed a death scarab
 16153 | Gauntlet | Noticed a death scarab
 16164 | Gauntlet | Found a transporter.
 16237 | Gauntlet | Found a transporter.
 16247 | Gauntlet | Found a transporter.
 16249 | Gauntlet | Found a transporter.
 16249 | Gauntlet | Found a transporter.
 16297 | Gauntlet | Received a gift from Okawaru
 16389 | Gauntlet | Killed a balrug
 16390 | Gauntlet | Reached skill level 16 in Armour
 16398 | Gauntlet | Got a heavily runed bone amulet
 16411 | Gauntlet | Identified the amulet "Ytwaitaz" {Acrobat Stlth+} (You
                  | found it in a Gauntlet)
 16477 | Gauntlet | Reached XP level 13. HP: 100/100 MP: 10/17
 16484 | Gauntlet | Got a steaming iron ring
 16491 | Gauntlet | Identified the ring "Memot" {rF++ Will+ Int-3 SInv} (You
                  | found it in a Gauntlet)
 16533 | Gauntlet | Identified the ring of Doqeit {rC+ EV+4}
 16533 | Gauntlet | Noticed a minotaur
 16554 | Gauntlet | Killed a minotaur
 16563 | Gauntlet | Identified the Papyrus of Ashen Displacement
 16902 | Lair:4   | Found a staircase to the Snake Pit.
 17721 | Lair:4   | Gained mutation: Your flesh is cold resistant. (rC+)
                  | [evolution]
 17926 | Lair:5   | Noticed Rupert
 17927 | Lair:5   | Paralysed by Rupert for 3 turns
 17953 | Lair:5   | Killed Rupert
 17954 | Lair:5   | Reached skill level 17 in Armour
 18559 | Lair:5   | Reached skill level 18 in Armour
 18794 | Lair:6   | Entered Level 6 of the Lair of Beasts
 18961 | Lair:6   | Found a staircase to the Slime Pits.
 18990 | Lair:6   | Received a gift from Okawaru
 19307 | Lair:6   | Reached XP level 14. HP: 97/113 MP: 12/18
 19312 | Lair:6   | Lost mutation: You are dopey. (Int -2) [evolution]
 19376 | Lair:6   | Identified the Grimoire of Evil and Ignition
 19649 | Lair:6   | Received a gift from Okawaru
 19986 | Lair:6   | Reached skill level 19 in Armour
 20618 | D:11     | Reached skill level 1 in Dodging
 20623 | D:11     | Received a gift from Okawaru
 20953 | D:11     | Found Giejiumn's Changing Room.
 21165 | D:12     | Found a flagged portal.
 21184 | Bailey   | Entered a bailey
 21331 | Bailey   | Found an iron altar of Okawaru.
 22021 | D:12     | Found a staircase to the Orcish Mines.
 22027 | D:12     | Noticed Sonja
 22036 | D:12     | Killed Sonja
 22048 | D:12     | Reached skill level 10 in Fighting
 22768 | Orc:1    | Entered Level 1 of the Orcish Mines
 22803 | Orc:1    | You are sucked into a shaft and drop 1 floor!
 22803 | Orc:2    | Entered Level 2 of the Orcish Mines
 22846 | Orc:2    | Noticed an orc warlord
 22867 | Orc:2    | Killed an orc warlord
 22868 | Orc:2    | Reached skill level 5 in Dodging
 22999 | Orc:2    | Found Kofunanu's Book Shop.
 23027 | Orc:2    | Found Bofu Kyo's Book Emporium.
 23123 | Orc:2    | Received a gift from Okawaru
 23127 | Orc:2    | Reached XP level 15. HP: 43/128 MP: 13/19
 23280 | Orc:2    | Found Juebbem's Gadget Shop.
 23289 | Orc:2    | Received a gift from Okawaru
 23362 | Orc:2    | Found Xeqitweig's Book Emporium.
 23443 | Orc:2    | Received a gift from Okawaru
 23703 | Orc:2    | Found a staircase to the Elven Halls.
 23705 | Orc:2    | Found Olao's Antique Weapon Boutique.
 23830 | Orc:2    | Found a roughly hewn altar of Beogh.
 24563 | D:13     | Received a gift from Okawaru
 24698 | D:13     | Gained mutation: Your spells are a little harder to cast,
                  | but a little more powerful. [evolution]
 24930 | D:13     | Reached skill level 10 in Throwing
 24959 | D:13     | Received a gift from Okawaru
 25386 | D:13     | Received a gift from Okawaru
 25515 | D:13     | Found a gate to the Vaults.
 25609 | D:14     | Received a gift from Okawaru
 26095 | D:14     | Found Onoaseg's Distillery.
 26206 | Orc:2    | Bought a manual of Dodging for 1545 gold pieces
 26352 | D:14     | Found a hide-covered altar of Uskayaw.
 26359 | D:14     | Acquired a manual of Throwing
 26665 | D:15     | Entered Level 15 of the Dungeon
 26676 | D:15     | Received a gift from Okawaru
 27120 | D:14     | Reached skill level 10 in Dodging
 27500 | D:15     | Noticed Jaiteiro's ghost (journeyman FoFi)
 27516 | D:15     | Found a transporter.
 27554 | D:15     | Found a transporter.
 27607 | D:15     | Received a gift from Okawaru
 27647 | D:15     | Received a gift from Okawaru
 27654 | D:15     | Reached XP level 16. HP: 67/141 MP: 20/20
 27840 | D:15     | Found a staircase to the Depths.
 28317 | Snake:1  | Entered Level 1 of the Snake Pit
 28388 | Snake:1  | Found a frozen archway.
 28544 | IceCv    | Entered an ice cave
 28766 | IceCv    | Received a gift from Okawaru
 28980 | IceCv    | Noticed an Ice Fiend
 29014 | IceCv    | Killed an Ice Fiend
 29141 | IceCv    | Got a pair of smoking gloves
 29143 | IceCv    | Got a brightly glowing lapis lazuli ring
 29155 | IceCv    | Identified the +1 pair of gloves "Fadukhle" {Rampage rElec
                  | rC++ Will-} (You found it in an ice cave)
 29166 | IceCv    | Identified the ring "Penaesha" {Wiz MP+9} (You found it in
                  | an ice cave)
 29328 | Snake:1  | Noticed Aizul
 29345 | Snake:1  | HP: 5/141 [Aizul/bolt of poison (7)]
 29353 | Snake:1  | Killed Aizul
 29566 | Shoals:1 | Entered Level 1 of the Shoals
 29677 | Shoals:1 | Received a gift from Okawaru
 30622 | Shoals:1 | Received a gift from Okawaru
 31183 | Shoals:2 | Received a gift from Okawaru
 31992 | Shoals:2 | Noticed a kraken
 32262 | Shoals:2 | Killed a kraken
 32303 | Shoals:2 | Got a jade-encrusted animal skin
 32501 | Shoals:3 | Found a flickering gateway to a bazaar.
 32527 | Bazaar   | Entered a bazaar
 32527 | Bazaar   | Found Tofush's Jewellery Shoppe.
 32606 | Bazaar   | Found Ohiruc's General Store.
 32613 | Bazaar   | Found Vudotsa's Antique Armour Shop.
 32649 | Bazaar   | Found Oliuqoec's Distillery.
 32673 | Bazaar   | Bought an uncursed ring of poison resistance for 260 gold
                  | pieces
 32689 | Bazaar   | Bought a potion of curing for 24 gold pieces
 32689 | Bazaar   | Bought a scroll of holy word for 60 gold pieces
 32696 | Bazaar   | Bought a pair of embroidered boots for 240 gold pieces
 32706 | Bazaar   | Bought a pair of glowing boots for 240 gold pieces
 32750 | Bazaar   | Bought a potion of curing for 36 gold pieces
 32750 | Bazaar   | Bought 2 potions of curing for 72 gold pieces
 32750 | Bazaar   | Bought 2 potions of curing for 72 gold pieces
 32780 | Shoals:3 | Identified the Reference Book on Glacial Ignition
 33572 | Shoals:3 | Gained mutation: You passively map a small area around you.
                  | [evolution]
 33623 | Shoals:4 | Entered Level 4 of the Shoals
 33635 | Shoals:4 | Received a gift from Okawaru
 33918 | Shoals:4 | HP: 2/141 [harpy (10)]
 33918 | Shoals:4 | Mangled by a merfolk

Illustrated notes

Levels and vault maps discovered:
D:1:      dpeg_arrival_ternary, layout_rooms
D:2:      layout_loops_cross, uniq_jessica
D:3:      layout_loops_corners, hangedman_glass_teeth
D:4:      black_bear_nest_2, layout_basic, fedhas_ov_isle_minmay, serial_shops,
          shop
D:5:      layout_rooms
D:6:      layout_cave_pods, serial_shops, shop, uniq_grinder, uniq_menkaure
D:7:      layout_cave_pools, okawaru_gym_becter, minmay_temple_entry_metal_lava,
          gup_ossuary_entry_pyramid, serial_bayou, serial_bayou_crossing,
          serial_bayou_pond_a, serial_bayou_pond_b, serial_bayou_lagoon_b,
          chequers_decorated_corner
D:8:      layout_basic, uniq_harold, uniq_joseph
D:9:      layout_irregular_city, bloody_trog,
          chequers_temple_overflow_minitemple, patterned_corridor
D:10:     layout_roguey, erik_lair_orcish_takeover, uniq_maggie
D:11:     layout_rooms, minmay_misc_feat_room, minmay_liquid_box,
          nicolae_transmutations_shop
D:12:     layout_gridville, zombieorc1_lemuel, lightli_bailey_entry_fortress,
          uniq_sonja
D:13:     layout_cave_pools, grunt_vaults_entry_tiered, minmay_misc_feat_roman,
          kennysheep_generic_room_8
D:14:     layout_basic, basic_altar, serial_corexii_hall,
          chequers_hall_statues_wall_a, corexii_hall_statues_i,
          chequers_hall_statues_corner_a, corexii_hall_statues_l,
          chequers_hall_statues_wall_a, chequers_hall_statues_y,
          chequers_serial_rivers_marsh, serial_shops, shop, item_on_display_a
D:15:     hangedman_depths_entry_civil_slaughter, layout_cross,
          serial_park_square1 [serial_park_minivault_5x5_4],
          gammafunk_ghost_stat_death
Lair:1:   layout_roguey [special_room_bee], ebering_ghost_disaster_area
Lair:2:   layout_cave_pods, eino_small_chamber_without_monster
Lair:3:   layout_misc_corridors, elwin_shoals_entry_stream, lemuel_fruit_tree
Lair:4:   layout_regular_city, dummy_snake_entry, gauntlet_entry_generic,
          minivault_11
Lair:5:   layout_hall_layers, roderic_batcave, st_stairs_10, forest_entry_grove,
          grunt_megastairs_3, uniq_rupert
Lair:6:   grunt_lair_end_beastmaster, layout_layer_cave, minmay_slime_entry_eyes
Shoals:1: layout_shoals
Shoals:2: argonaut_golden_fleece, layout_shoals
Shoals:3: layout_shoals, serial_shops, bzr_entry_lakeside
Shoals:4: shoals_end_hangedman, layout_shoals, nicolae_shoals_square_sea_wall
Snake:1:  layout_grid_maze, portal_ice_cave_entry_pillars_three,
          grunt_megastairs_2, uniq_josephine, uniq_aizul
Orc:1:    layout_caves, mumra_transporter_accident
Orc:2:    st_orc_town, layout_caves, serial_shops, shop

Skill      XL: |  1  2  3  4  5  6  7  8  9 10 11 12 13 14 15 16 |
---------------+-------------------------------------------------+-----
Axes           | 3 4 5 6 8 10 13 15 16 18 | 18.7
Armour         | 4 5 6 8 10 11 13 16 18 19 | 19.0
Fighting       | 4 5 7 10 12 | 12.5
Shields        | 4 5 |  5.0
Invocations    | 3 6 7 |  7.0
Throwing       | 1 5 6 9 11 14 | 14.1
Dodging        | 5 10 13 | 13.7

Action                   |  1- 3 |  4- 6 |  7- 9 | 10-12 | 13-15 | 16-18 || total
-------------------------+-------+-------+-------+-------+-------+-------++-------
Melee: War axe           |    63 |   158 |   355 |   589 |  1151 |       ||  2316
       Headbutt          |     4 |    20 |    71 |   116 |   304 |    91 ||   606
       Bite              |       |       |    34 |    57 |   155 |    62 ||   308
       Battleaxe         |       |       |       |    33 |       |       ||    33
       Executioner's axe |       |       |       |       |    62 |   409 ||   471
 Fire: Hunting sling     |       |       |     2 |       |       |       ||     2
Throw: Boomerang         |       |       |       |       |    16 |    10 ||    26
       Javelin           |       |       |       |       |     5 |       ||     5
Invok: Heroism           |       |       |       |    14 |    19 |     8 ||    41
       Finesse           |       |       |       |     4 |     9 |     5 ||    18
 Abil: Stop Flying       |       |       |       |       |       |     1 ||     1
       Evoke Flight      |       |       |       |       |       |     1 ||     1
Evoke: Wand              |       |     2 |       |     2 |       |       ||     4
  Use: Scroll            |       |     5 |     5 |    22 |    14 |     8 ||    54
       Potion            |       |     1 |     2 |     1 |     3 |     8 ||    15
 Stab: Paralysed         |       |     1 |       |       |       |       ||     1
       Petrified         |       |       |       |       |    10 |       ||    10
Armor: Scale mail        |    28 |    39 |       |       |       |       ||    67
       Chain mail        |       |    26 |    79 |       |       |       ||   105
       Plate armour      |       |       |    77 |   277 |   507 |   282 ||  1143
Dodge: Dodged            |    16 |    32 |    99 |   111 |   433 |   339 ||  1030
Block: Kite shield       |    25 |    75 |   185 |   286 |   543 |       ||  1114
